 Dungeon Crawl Stone Soup version 0.24.0-13-gcf9b3192b9 (webtiles) character file.

Game seed: 6237212195191928996, levelgen mode: deterministic

270 TsetAccount the Skirmisher (level 6, -8/61 HPs)
             Began as a Minotaur Hunter on Nov 9, 2019.
             Splashed by Ijyb's acid (11 damage)
             ... on level 3 of the Dungeon.
             The game lasted 00:03:46 (1474 turns).

TsetAccount the Skirmisher (Minotaur Hunter)        Turns: 1474, Time: 00:03:47

Health: -8/61      AC:  7    Str: 19    XL:     6   Next: 1%
Magic:  5/5        EV: 11    Int:  8    God:
Gold:   94         SH:  0    Dex: 10    Spells: 5/5 levels left

rFire    . . .     SeeInvis .   a - +3 hand crossbow
rCold    . . .     Gourm    .   (no shield)
rNeg     . . .     Faith    .   h - +0 ring mail
rPois    .         Spirit   .   (helmet restricted)
rElec    .         Reflect  .   r - +0 cloak
rCorr    .         Harm     .   (no gloves)
MR       .....                  k - +0 pair of boots
Stlth    +.........             (no amulet)
HPRegen  0.20/turn              (no ring)
MPRegen  0.09/turn              (no ring)

@: hasted, very quick
A: retaliatory headbutt, horns 2
a: no special abilities


You were on level 3 of the Dungeon.
You were not hungry.

You visited 1 branch of the dungeon, and saw 3 of its levels.

You collected 94 gold pieces.

Inventory:

Hand Weapons
 a - a +3 hand crossbow (weapon)
 b - a +0 short sword
 e - a +1 whip of electrocution
Missiles
 d - 11 bolts (quivered)
 g - 33 poisoned darts
 m - 8 boomerangs
Armour
 h - a +0 ring mail (worn)
 k - a +0 pair of boots (worn)
 r - a +0 cloak (worn)
Jewellery
 p - an uncursed ring of stealth {unknown}
 q - an uncursed ring of wizardry {unknown}
Wands
 o - a wand of digging (3)
Scrolls
 l - 3 scrolls of identify
 n - a scroll of remove curse
Potions
 i - a potion of curing
 j - a potion of haste
Comestibles
 c - 5 chunks of flesh
 f - 5 rations


   Skills:
 - Level 7.6 Fighting
 + Level 4.3 Crossbows
 - Level 2.1 Dodging
 - Level 0.7 Stealth


You had 5 spell levels left.
You didn't know any spells.
Your spell library was empty.

Dungeon Overview and Level Annotations

Branches:
Dungeon (3/15)

Altars:

Annotations:
D:3 Ijyb, Sigmund


Innate Abilities, Weirdness & Mutations

You reflexively headbutt those who attack you in melee.
You have a pair of horns on your head.


Message History

Something hits you but does no damage.
Firing (i - inventory. (/) - cycle)
d - 14 bolts (quivered)
Press: ? - help, Shift-Dir - straight line, f - Ijyb
Aim: Ijyb, wielding a +0 club, wearing a +0 leather armour and carrying a wand of acid (5)
You shoot a bolt.
You feel less confused. Something barely misses you.
Firing (i - inventory. (/) - cycle)
d - 13 bolts (quivered)
Press: ? - help, Shift-Dir - straight line, f/p - Ijyb
Aim: Ijyb, wielding a +0 club, wearing a +0 leather armour and carrying a wand of acid (5)
You shoot a bolt. The bolt closely misses Ijyb.
Ijyb barely misses you. Something hits you but does no damage.
Firing (i - inventory. (/) - cycle)
d - 12 bolts (quivered)
Press: ? - help, Shift-Dir - straight line, f/p - Ijyb
Aim: Ijyb, wielding a +0 club, wearing a +0 leather armour and carrying a wand of acid (5)
You shoot a bolt. The bolt closely misses Ijyb.
Ijyb zaps a wand.
The bolt of acid hits you!
* * * LOW HITPOINT WARNING * * *
You are splashed with acid!
You die...

....(..(#.....# #....
.(...(.!#.....# #....
........#.....# ###.##.
.......(#.....# ##......
.......(#.....# #....#..
.(.....(#.....# #....#..
?.....{(#.....# #....#..
.......g#....(# #.......
#.########@....## ##...### #.
###......# ###.### #.
#........#######....
#.######...................
#####.....(........#.......).รท.
...................#...........
##.....#..........##..........
#.....#....##.#####..........
#.....#....##.# #..####....


You could see Ijyb.

Vanquished Creatures
  Purgy (D:3)
  A hound (D:3)
  An orc wizard (D:3)
  Jessica (D:3)
  A gnoll (D:1)
  2 adders
  2 worms (D:2)
  3 leopard geckos
  6 orcs (D:3)
  3 ball pythons
  4 bats (D:1)
  5 giant cockroaches
  7 goblins
  7 hobgoblins
  4 frilled lizards
  3 kobolds
  5 rats
56 creatures vanquished.

Notes
Turn   | Place    | Note
-------+----------+-------------------------------------------
     0 | D:1      | TsetAccount the Minotaur Hunter began the quest for the
                  | Orb.
     0 | D:1      | Reached XP level 1. HP: 18/18 MP: 0/0
    44 | D:1      | Reached skill level 3 in Fighting
    77 | D:1      | Reached XP level 2. HP: 26/26 MP: 1/1
   276 | D:1      | Reached skill level 4 in Fighting
   325 | D:1      | Reached XP level 3. HP: 34/34 MP: 2/2
   660 | D:2      | Reached skill level 5 in Fighting
  1111 | D:3      | Reached XP level 4. HP: 42/42 MP: 3/3
  1147 | D:3      | Reached skill level 6 in Fighting
  1212 | D:3      | Reached XP level 5. HP: 51/51 MP: 4/4
  1245 | D:3      | Noticed Jessica
  1247 | D:3      | Killed Jessica
  1456 | D:3      | Noticed Purgy
  1459 | D:3      | Killed Purgy
  1459 | D:3      | Reached skill level 7 in Fighting
  1459 | D:3      | Reached XP level 6. HP: 61/61 MP: 5/5
  1460 | D:3      | Noticed Sigmund
  1462 | D:3      | Noticed Ijyb
  1474 | D:3      | HP: 3/61 [Ijyb/bolt of acid (15)]
  1474 | D:3      | Splashed by Ijyb's acid

Levels and vault maps discovered:
D:1:      dpeg_arrival_round_b, layout_basic
D:2:      layout_rooms, first_ration
D:3:      layout_basic, gup_sewer_entry_bubbles, uniq_ijyb, uniq_purgy,
          uniq_sigmund, uniq_jessica

Skill      XL: |  1  2  3  4  5 |
---------------+----------------+-----
Fighting       | 3 4 5 6 7 |  7.6
Crossbows      | |  4.3
Dodging        | |  2.1
Stealth        | |  0.7

Action                   |  1- 3 |  4- 6 || total
-------------------------+-------+-------++-------
 Fire: Hand crossbow     |    76 |    50 ||   126
  Use: Scroll            |     7 |       ||     7
       Potion            |       |     1 ||     1
  Eat: Chunk             |       |     2 ||     2
Armor: Leather armour    |     2 |       ||     2
       Ring mail         |       |    10 ||    10
Dodge: Dodged            |     8 |    17 ||    25
